Map: 얼어붙은 사원

Players

uthermy (uThermal)

  • Race: Terran Terran

hydra - Winner!

  • Race: Zerg Zerg
  • League: Platinum

Event: DreamHack ZOWIE Open Valencia 2016

VOD

Have the link to the VOD?

Description

Time

  • Played on: July 14, 2016, 2:32 p.m.
  • Length: 11:07

All games in this series

Show
View Real Time Build Order
Export as new Build Order

uthermy Terran 

Build Orders: MMM Bio 

Get SALT Encoding   

  12  0:01  SCV  
  13  0:14  SCV  
  14  0:18  Supply Depot  
  14  0:26  SCV  
  15  0:28  Refinery  
  15  0:41  Barracks  
  15  0:44  SCV  
  16  0:57  SCV  
  17  1:02  Barracks  
  17  1:09  SCV  
  18  1:19  Barracks  
  18  1:29  Reaper  
  19  1:36  Orbital Command  
  19  1:43  Refinery  
  19  1:49  Reaper  
  20  1:56  Supply Depot  
  20  2:01  Reaper  
  21  2:06  Reaper  
  22  2:09  SCV  
  23  2:21  SCV, Reaper  
  25  2:30  Supply Depot  
  25  2:33  SCV, Reaper  
  27  2:40  Reaper  
  28  2:46  SCV  
  29  2:58  SCV, Reaper  
  31  3:07  Command Center  
  31  3:09  Reaper  
  32  3:13  Reaper  
  33  3:21  Supply Depot, SCV  
  34  3:34  Reaper  
  34  3:37  SCV  
  36  3:48  Barracks Tech Lab  
  36  3:49  SCV  
  36  3:50  Factory  
  37  3:59  Barracks Reactor  
  37  4:01  SCV  
  38  4:06  Marine  
  38  4:07  Stimpack  
  39  4:13  SCV  
  39  4:14  Barracks Reactor  
  40  4:20  Orbital Command  
  40  4:23  Bunker  
  40  4:25  Supply Depot x2  
  40  4:28  Marine  
  41  4:32  SCV  
  41  4:36  Marine x2  
  44  4:43  Starport  
  44  4:46  Factory Reactor  
  44  4:47  SCV  
  44  4:50  SCV  
  46  4:53  Marine  
  46  4:57  Marine  
  46  4:58  Marine  
  46  4:59  SCV  
  50  5:03  SCV  
  51  5:08  Marine x2  
  51  5:11  Marine, SCV  
  55  5:15  SCV, Marine  
  55  5:17  Marine  
  58  5:23  SCV  
  58  5:26  Marine x2  
  58  5:27  SCV  
  62  5:28  Medivac x2  
  62  5:29  Factory Tech Lab  
  62  5:35  Marine x3  
  67  5:36  SCV  
  67  5:39  SCV  
  67  5:41  Supply Depot  
  71  5:44  Marine  
  71  5:48  SCV  
  73  5:51  SCV  
  74  5:57  Marine, Command Center  
  74  5:58  Marine x2  
  74  6:00  SCV  
  74  6:04  Supply Depot, Marine  
  80  6:13  SCV  
  80  6:15  Marine, Barracks  
  80  6:17  Marine, Barracks  
  82  6:20  Marine  
  82  6:21  Combat Shields  
  83  6:27  Supply Depot  
  83  6:29  Siege Tank  
  83  6:31  Marine  
  87  6:38  Refinery  
  87  6:39  Refinery, Medivac  
  89  6:40  Medivac  
  89  6:46  Marine x2  
  91  6:48  Marine  
  91  6:50  Marine  
  93  6:56  Marine  
  94  7:04  Marine x2  
  94  7:05  Marine x2  
  98  7:09  Supply Depot, Medivac  
  98  7:10  Supply Depot  
  98  7:11  SCV, Orbital Command, Marine  
  98  7:12  SCV, Marine  
  98  7:14  Marine  
  105  7:20  Siege Tank  
  105  7:22  Marine x2  
  110  7:23  SCV  
  110  7:26  Marine x2  
  113  7:34  Marine  
  112  7:37  Marine  
  112  7:39  SCV, Marine  
  112  7:40  SCV, Marine  
  112  7:41  SCV  
  118  7:47  Marine x2  
  118  7:52  SCV x2  
  118  7:53  SCV  
  118  7:56  Marine x2  
  118  7:57  Marine  
  124  8:04  SCV x2  
  124  8:05  SCV  
  116  8:16  SCV x2  
  116  8:17  SCV  
  116  8:19  Marine x2  
  105  8:21  Marine  
  105  8:23  Marine  
  105  8:24  Siege Tank  
  109  8:28  SCV x2  
  109  8:29  Marine, SCV  
  109  8:32  Marine  
  109  8:33  Marine  
  114  8:37  Marine  
  114  8:38  Marine  
  114  8:40  SCV x2  
  118  8:41  SCV  
  118  8:44  Marine x2  
  118  8:47  Marine  
  122  8:49  Engineering Bay  
  122  8:50  Marine, Medivac  
  122  8:51  Medivac  
  122  8:52  SCV x2  
  130  8:55  Marine  
  130  8:57  Supply Depot  
  130  8:58  Marine  
  130  9:02  Marine  
  133  9:06  Marine  
  133  9:07  Supply Depot  
  133  9:11  Marine  
  133  9:15  Marine, Siege Tank  
  131  9:17  Marine  
  131  9:19  Marine  
  131  9:20  Marine, Medivac  
  131  9:21  Marine, Medivac  
  131  9:24  Marine  
  136  9:33  Marine  
  136  9:35  Marine  
  137  9:39  Missile Turret  
  137  9:43  Marine, Missile Turret  
  132  9:47  Marine x2  
  119  9:56  Marine x2  
  119  9:57  Marine x2  
  100  10:00  Marine  
  100  10:05  Marine, Orbital Command  
  95  10:10  Marine  
  88  10:14  Marine x2  
  88  10:16  Marine x2  
  88  10:18  SCV  
  90  10:23  SCV  
  91  10:28  Marine  
  91  10:35  SCV  
  93  10:37  Marine  
  93  10:42  Marine  
Show
View Real Time Build Order
Export as new Build Order

hydra Zerg - Winner!

Build Orders: Pool First 

Get SALT Encoding   

  12  0:00  Drone  
  13  0:12  Overlord  
  13  0:18  Drone  
  14  0:31  Drone x2  
  14  0:34  Drone  
  17  0:45  Extractor  
  17  0:46  Spawning Pool  
  16  0:50  Drone  
  16  0:56  Drone  
  17  1:06  Drone  
  18  1:19  Hatchery  
  18  1:23  Drone  
  18  1:33  Queen  
  18  1:37  Zergling x2  
  21  1:40  Drone  
  22  1:47  Metabolic Boost  
  22  1:54  Overlord  
  22  2:12  Zergling x4, Queen  
  26  2:21  Drone  
  27  2:29  Roach Warren  
  26  2:35  Drone  
  28  2:37  Zergling x2  
  28  2:41  Zergling x4  
  28  2:43  Overlord  
  28  3:09  Roach x5  
  38  3:14  Roach  
  40  3:20  Overlord  
  40  3:29  Drone  
  39  3:35  Drone  
  39  3:36  Ravager  
  39  3:37  Drone  
  39  3:38  Drone  
  39  3:40  Drone  
  44  3:43  Zergling x2  
  44  3:47  Drone  
  46  3:49  Drone  
  46  3:52  Drone  
  48  3:58  Drone  
  48  4:00  Ravager, Drone  
  51  4:04  Overlord  
  51  4:18  Lair  
  51  4:19  Overlord  
  51  4:20  Drone, Extractor  
  51  4:23  Drone x2  
  53  4:26  Drone  
  53  4:29  Drone  
  55  4:31  Drone  
  55  4:33  Drone  
  55  4:34  Drone  
  58  4:40  Drone  
  58  4:42  Drone  
  58  4:43  Extractor  
  59  4:48  Drone  
  60  4:53  Drone x3  
  60  4:56  Evolution Chamber  
  60  4:57  Drone  
  63  5:00  Drone  
  63  5:03  Drone, Overlord  
  65  5:13  Hatchery  
  64  5:15  Overseer  
  64  5:17  Glial Reconstitution  
  64  5:19  Drone  
  64  5:21  Drone, Extractor  
  66  5:24  Zerg Missile Weapons Level 1  
  65  5:31  Roach  
  65  5:32  Roach  
  69  5:38  Drone, Overlord  
  69  5:41  Roach x2  
  74  5:48  Drone  
  75  5:50  Overlord x2  
  75  5:59  Drone  
  75  6:00  Roach x2  
  75  6:02  Overlord  
  75  6:03  Queen  
  82  6:05  Ravager  
  82  6:08  Roach x2  
  87  6:13  Roach  
  87  6:18  Drone x4  
  93  6:22  Overlord  
  93  6:24  Roach  
  95  6:28  Roach  
  95  6:31  Roach  
  99  6:35  Roach  
  101  6:46  Roach x3  
  101  6:47  Roach x4  
  112  6:59  Roach  
  112  7:00  Overlord x2  
  112  7:01  Overlord  
  113  7:08  Tunneling Claws  
  113  7:09  Burrow  
  113  7:20  Zerg Missile Weapons Level 2, Drone x3  
  113  7:21  Drone x3  
  119  7:23  Drone x2  
  119  7:24  Roach  
  123  7:35  Overlord  
  123  7:37  Roach  
  123  7:38  Roach x2  
  123  7:42  Overlord  
  123  7:43  Overlord x3  
  129  7:45  Extractor  
  128  7:55  Overlord  
  126  8:02  Roach x8  
  138  8:08  Roach x4  
  146  8:18  Roach x6  
  142  8:25  Roach  
  142  8:26  Roach x2  
  142  8:39  Drone x3  
  142  8:40  Drone  
  146  8:44  Roach  
  146  8:45  Roach x2  
  146  8:47  Hatchery  
  151  8:52  Roach x3  
  151  8:53  Roach x5  
  151  8:54  Extractor  
  151  8:55  Roach x5  
  160  9:00  Ravager x2  
  160  9:01  Roach x3  
  160  9:02  Overlord x3  
  162  9:09  Overlord  
  162  9:16  Roach x3  
  162  9:23  Roach x9  
  180  9:26  Roach  
  180  9:27  Roach, Ravager x8  
  180  9:30  Drone x3  
  191  9:32  Overseer  
  191  9:36  Roach  
  191  9:37  Roach  
  191  9:38  Roach  
  173  9:53  Roach  
  173  9:54  Roach x8  
  152  10:10  Roach x8  
  139  10:15  Queen  
  138  10:24  Ravager x2  
  138  10:25  Roach  
  138  10:26  Roach x4, Overseer  
  146  10:35  Drone x4  
  150  10:45  Roach x5  
  150  10:49  Drone x3  
  163  10:54  Ravager  
  163  10:55  Ravager x2  
  163  11:01  Extractor  
  163  11:02  Extractor  

Tags
 
Add a new tag
Caveats
  • Supply blocks, unpowered buildings, or Contaminate may cause inaccurate times.
  • Supply counts are checked every 10 seconds.